 Dungeon Crawl Stone Soup version 0.25-a0-464-g3004169c2b (webtiles) character file.

Game seed: 17087106087421561167, levelgen mode: deterministic

34996 Lugonue the Spear-Bearer (level 13, -5/103 HPs)
             Began as a Yellow Draconian Conjurer on Feb 4, 2020.
             Was a High Priest of Kikubaaqudgha.
             Slain by a seven-headed hydra (11 damage)
             ... on level 3 of the Lair of Beasts.
             The game lasted 01:20:39 (18418 turns).

Lugonue the Spear-Bearer (DrCj)                    Turns: 18418, Time: 01:20:42

Health: -5/103     AC: 13    Str: 12    XL:     13   Next: 45%
Magic:  11/27      EV: 15    Int: 20    God:    Kikubaaqudgha [*****.]
Gold:   1031       SH:  2    Dex: 13    Spells: 2/32 levels left

rFire    + . .     SeeInvis .   D - +1 halberd (freeze)
rCold    + . .     Gourm    .   (shield currently unavailable)
rNeg     . . .     Faith    .   (armour unavailable)
rPois    .         Spirit   .   (helmet restricted)
rElec    .         Reflect  +   e - scarf {rC+ rF+}
rCorr    +         Harm     .   H - +0 pair of gloves
MR       +....                  g - +2 pair of boots
Stlth    ++........             K - +2 amulet of reflection
HPRegen  0.27/turn              M - ring of protection from magic
MPRegen  0.20/turn              N - ring of wizardry

@: death channel
A: spit acid, unfitting armour, big wings, screaming 1, shaggy fur 1, strong 1,
no potion heal 1, cold-blooded, acid resistance, AC +8
a: Breathe Acid, Fly, Receive Corpses, Torment, Renounce Religion


You were on level 3 of the Lair of Beasts.
You worshipped Kikubaaqudgha.
Kikubaaqudgha was extremely pleased with you.
You were not hungry.

You visited 4 branches of the dungeon, and saw 17 of its levels.
You also visited: Sewer, Bailey and Gauntlet.

You collected 1231 gold pieces.
You spent 200 gold pieces at shops.

Inventory:

Hand Weapons
 A - a +0 demon trident
 D - a +1 halberd of freezing (weapon)
Missiles
 m - 12 atropa-tipped darts (quivered)
 F - 4 silver boomerangs
 L - 4 silver javelins
Armour
 e - a scarf of resistance (worn)
 g - a +2 pair of boots (worn)
 C - a +0 cloak
 H - a +0 pair of gloves (worn)
 T - a +2 large shield of protection
Magical Staves
 a - an uncursed staff of power
 E - an uncursed staff of earth
 S - an uncursed staff of fire {unknown}
Jewellery
 o - an uncursed ring of protection from fire
 G - an uncursed ring of see invisible
 K - a +2 amulet of reflection (around neck)
 M - a ring of protection from magic (left hand)
 N - a ring of wizardry (right hand)
 Q - a +2 ring of dexterity
 U - an uncursed ring of ice
Wands
 c - a wand of random effects (25)
 h - a wand of polymorph (10)
 s - a wand of iceblast (8)
 t - a wand of paralysis (20)
 I - a wand of digging (12)
 P - a wand of clouds (1)
Scrolls
 d - 2 scrolls of amnesia
 n - 2 scrolls of immolation
 p - 10 scrolls of remove curse
 q - 5 scrolls of magic mapping
 r - 6 scrolls of teleportation
 u - 2 scrolls of fog
 v - 2 scrolls of blinking
 y - a scroll of summoning
 B - 2 scrolls of fear
 J - 5 scrolls of identify
Potions
 f - 2 potions of cancellation
 i - a potion of ambrosia
 j - 3 potions of agility
 k - 4 potions of brilliance
 l - 9 potions of curing
 w - a potion of heal wounds
 x - 4 potions of invisibility
 z - 2 potions of might
Miscellaneous
 R - a crystal ball of energy
Comestibles
 b - 4 rations


   Skills:
 - Level 6.4 Fighting
 - Level 12.4 Polearms
 - Level 1.4 Throwing
 + Level 6.1 Dodging
 - Level 1.8 Stealth
 - Level 0.2 Shields
 + Level 10.1 Spellcasting
 - Level 7.9 Conjurations
 * Level 10.1 Necromancy
 - Level 1.6 Air Magic
 * Level 5.2 Earth Magic
 - Level 2.0 Poison Magic


You had 2 spell levels left.
You knew the following spells:

 Your Spells              Type           Power        Failure   Level  Hunger
a - Poisonous Vapours     Pois/Air       ###...       1%          2    None
b - Death Channel         Necr           ######....   6%          6    ######.
c - Apportation           Tloc           ##....       2%          1    None
d - Vampiric Draining     Necr           ######....   1%          3    None
e - Mephitic Cloud        Conj/Pois/Air  ####....     1%          3    None
f - Dispel Undead         Necr           ######..     1%          4    ##.....
g - Sublimation of Blood  Necr           ######....   1%          2    None
h - Magic Dart            Conj           ####         1%          1    None
i - Borgnjor's Vile Clut  Necr/Erth      #####.....   3%          5    ####...
j - Stone Arrow           Conj/Erth      #####.       1%          3    None

Your spell library contained the following spells:

 Spells                   Type           Power        Failure   Level  Hunger
 Animate Skeleton         Necr           N/A          1%          1    None
 Foxfire                  Conj/Fire      ####         1%          1    None
 Pain                     Necr           ####         1%          1    None
 Sandblast                Erth           ####..       1%          1    None
 Corpse Rot               Necr/Air       N/A          1%          2    None
 Passwall                 Tmut/Erth      ###.....     1%          2    None
 Searing Ray              Conj           #####.       1%          2    None
 Corona                   Hex            ##.....      2%          1    None
 Summon Small Mammal      Summ           ##..         2%          1    None
 Ensorcelled Hibernation  Hex/Ice        ##....       4%          2    None
 Conjure Flame            Conj/Fire      ####....     1%          3    None
 Dazzling Flash           Conj/Hex       ####..       1%          3    None
 Agony                    Necr           ######..     1%          5    ####...
 Ignite Poison            Fire/Tmut/Pois ##......     6%          3    None
 Fulminant Prism          Conj/Hex       ####......   6%          4    ##.....
 Hailstorm                Conj/Ice       ####....     6%          4    ##.....
 Iskenderun's Mystic Bla  Conj/Tloc      ####....     6%          4    ##.....
 Lee's Rapid Deconstruct  Erth           ####......   9%          5    ####...
 Petrify                  Tmut/Erth      ###.....     10%         4    ##.....
 Bolt of Magma            Conj/Fire/Erth ####......   13%         5    ####...
 Iskenderun's Battlesphe  Conj/Chrm      ####....     16%         5    ####...
 Ice Form                 Ice/Tmut       ##......     26%         4    ##.....
 Iron Shot                Conj/Erth      #####.....   26%         6    ######.
 Simulacrum               Ice/Necr       ####......   45%         6    ######.
 Metabolic Englaciation   Hex/Ice        ##........   56%         5    ####...
 Starburst                Conj/Fire      ####......   61%         6    ######.
 Orb of Destruction       Conj           #####.....   63%         7    #######
 Freezing Cloud           Conj/Ice/Air   ###.......   71%         6    ######.
 Spellforged Servitor     Conj/Summ      ####......   98%         7    #######
 Ring of Flames           Chrm/Fire      ##........   100%        7    #######


Dungeon Overview and Level Annotations

Branches:
Dungeon (12/15)            Temple (1/1) D:5            Lair (3/6) D:8
  Swamp (0/4) Lair:2        Snake (0/4) Lair:2          Orc (1/2) D:10
  Sewer (visited)          Bailey (visited)         Gauntlet (visited)

Altars:
Ashenzari
Cheibriados
Dithmenos
Elyvilon
Fedhas
Gozag
Hepliaklqana
Kikubaaqudgha
Makhleb
Nemelex Xobeh
Okawaru
Qazlal
Ru
Sif Muna
Trog
Uskayaw
Vehumet
Wu Jian
Xom
Yredelemnul
Zin
The Shining One

Shops:
D:4 ?

Annotations:
Lair:2 1 runed translucent door, Deavvycs's ghost, journeyman TrHu


Innate Abilities, Weirdness & Mutations

You can spit globs of acid.
Your golden yellow scales are hard. (AC +8)
You cannot fit into any form of body armour.
You are cold-blooded and may be slowed by cold attacks.
You are resistant to acid. (rCorr)
Your large and strong wings let you fly indefinitely.
You occasionally shout uncontrollably at your foes.
You are covered in fur. (AC +1)
Your muscles are strong. (Str +2)
Potions are less effective at restoring your health.


Message History

You slice one of the six-headed hydra's heads off!
The five-headed hydra grows two more!
You hit the seven-headed hydra.
The seven-headed hydra seems to slow down.
You freeze the seven-headed hydra.
The seven-headed hydra is almost dead.
The zombie hands constrict the seven-headed hydra.
Your spectral wolf bites the wolf but does no damage.
The seven-headed hydra bites you!
* * * LOW HITPOINT WARNING * * *
The seven-headed hydra misses you. The seven-headed hydra bites you!
* * * LOW HITPOINT WARNING * * *
The seven-headed hydra bites you.
* * * LOW HITPOINT WARNING * * *
The seven-headed hydra bites you.
* * * LOW HITPOINT WARNING * * *
The seven-headed hydra bites you.
* * * LOW HITPOINT WARNING * * *
The seven-headed hydra bites you!
You die...
Kikubaaqudgha rasps: "You have failed me!
Welcome... death!"

... ###.#.P..#.P.#...........##
...P#..........####.#..##.#...#
...........###.####.(.P##.....#
#.....##.#................#
###....†....#..#.....##...#
###.#..#.#ZZ..P........##
###hh.hhD.....#.#.####
#####D######.#### #@# ### ###


You could see a seven-headed hydra, 2 wolves, a friendly six-headed hydra and 2
friendly spectral wolves.

Vanquished Creatures
  An orc warlord (Bailey)
  A minotaur (Gauntlet)
  Fannar (Lair:2)
  A hydra (D:11)
  A two-headed ogre (D:8)
  Erica (D:8)
  Urug (Lair:1)
  2 wolf spider zombies (D:12)
  An orc knight (Bailey)
  An oklob plant (Gauntlet)
  A cyclops (D:11)
  An ugly thing (D:12)
  A deep elf mage (D:10)
  Joseph (D:8)
  Maurice (D:8)
  2 black mambas (Lair:2)
  A gargoyle (D:10)
  5 spiny frogs
  A torpor snail (Lair:2)
  A rime drake (Lair:1)
  4 komodo dragons
  6 meliai (Gauntlet)
  3 trolls
  2 hippogriffs
  2 dream sheep (Lair:2)
  A shadow (D:12)
  2 wyverns
  2 basilisks
  11 yaks
  A human (D:10)
  A steam dragon (D:12)
  4 vampire mosquitoes (D:12)
  2 acid dragons
  11 water moccasins
  6 porcupines
  2 ice beasts
  16 orc warriors
  A sky beast (D:9)
  A hornet zombie (D:8)
  A black bear (Lair:2)
  4 phantoms
  9 ogres
  3 centaurs
  2 wolves (Lair:3)
  4 crocodiles
  A big kobold (D:9)
  12 bullfrogs
  A wyvern skeleton (D:7)
  4 scorpions
  3 killer bees (D:9)
  8 wights
  4 howler monkeys
  3 electric eels (Lair:2)
  A bullfrog zombie (D:12)
  7 crimson imps
  3 hounds
  4 jellies
  9 orc priests
  4 centaur skeletons
  Jessica (D:3)
  4 bullfrog skeletons
  Natasha (thrice) (D:3)
  6 iguanas
  8 orc wizards
  11 worker ants
  2 hound zombies (D:10)
  A hound skeleton (D:5)
  16 gnolls
  23 adders
  4 shadow imps
  An ooze (D:1)
  5 worms
  2 dart slugs
  8 leopard geckos
  47 orcs
  3 giant cockroaches
  30 goblins
  12 hobgoblins
  13 jackals
  3 quokkas
  5 ball pythons
  7 bats
  13 frilled lizards
  9 kobolds
  A quokka skeleton (D:7)
  A quokka zombie (D:6)
  8 rats
438 creatures vanquished.

Vanquished Creatures (collateral kills)
  2 wolves (Lair:3)
2 creatures vanquished.

Vanquished Creatures (others)
  A kobold (D:3)
  A bush (Lair:2)
  9 fungi
  14 plants
25 creatures vanquished.

Grand Total: 465 creatures vanquished

Notes
Turn   | Place    | Note
-------+----------+-------------------------------------------
     0 | D:1      | Lugonue the Draconian Conjurer began the quest for the Orb.
     0 | D:1      | Reached XP level 1. HP: 14/14 MP: 3/3
   129 | D:1      | Reached XP level 2. HP: 20/20 MP: 0/5
   710 | D:1      | Reached XP level 3. HP: 26/26 MP: 6/6
   950 | D:1      | Reached skill level 5 in Conjurations
  1014 | D:2      | Learned a level 2 spell: Searing Ray
  1016 | D:2      | Learned a level 1 spell: Apportation
  1047 | D:2      | Found an opulent altar of Gozag.
  1566 | D:2      | Reached XP level 4. HP: 28/33 MP: 2/7
  1810 | D:2      | Found a hazy altar of Hepliaklqana.
  1895 | D:2      | Reached skill level 1 in Polearms
  1982 | D:3      | Noticed Jessica
  1985 | D:3      | Killed Jessica
  2036 | D:3      | Reached XP level 5. HP: 36/38 MP: 5/9
  2218 | D:3      | Noticed Natasha
  2226 | D:3      | Killed Natasha
  2495 | D:3      | Noticed Natasha
  2506 | D:3      | Killed Natasha
  2520 | D:3      | Noticed an ogre
  2607 | D:3      | Noticed Natasha
  2622 | D:3      | Killed Natasha
  2622 | D:3      | Reached skill level 2 in Polearms
  2623 | D:3      | Killed an ogre
  2623 | D:3      | Reached XP level 6. HP: 19/46 MP: 5/11
  2983 | D:4      | Reached skill level 1 in Fighting
  2983 | D:4      | Reached skill level 1 in Throwing
  3023 | D:4      | Found Reixzek's Magic Scroll Shop.
  3031 | D:4      | Bought a scroll of magic mapping for 35 gold pieces
  3031 | D:4      | Bought a scroll of remove curse for 30 gold pieces
  3031 | D:4      | Bought 2 scrolls of teleportation for 60 gold pieces
  3031 | D:4      | Bought a scroll of enchant weapon for 75 gold pieces
  3049 | D:4      | Found a sacrificial altar of Ru.
  3073 | D:4      | Found a stormy altar of Qazlal.
  3084 | D:4      | Identified the Disquisition on the Frostbite and Venom
  3225 | D:4      | Reached skill level 3 in Polearms
  3256 | D:4      | Your scales start taking on a golden yellow colour.
  3256 | D:4      | Reached XP level 7. HP: 48/52 MP: 2/12
  3256 | D:4      | Gained mutation: You are resistant to acid. (rCorr) [Yellow
                  | Draconian growth]
  3665 | D:5      | Entered Level 5 of the Dungeon
  3878 | D:5      | Reached skill level 4 in Polearms
  4035 | D:5      | Found a staircase to the Ecumenical Temple.
  4080 | D:5      | Found a glowing silver altar of Zin.
  4080 | D:5      | Noticed an angel
  4137 | D:5      | Found a sand-covered staircase.
  4345 | D:5      | Reached XP level 8. HP: 51/62 MP: 4/14
  4942 | Temple   | Entered the Ecumenical Temple
  4985 | Temple   | Became a worshipper of Kikubaaqudgha
  5111 | D:6      | Found a basalt altar of Yredelemnul.
  5132 | D:6      | Found a burning altar of Makhleb.
  5144 | D:6      | Found a glowing drain.
  5168 | Sewer    | Entered a sewer
  5792 | D:6      | Found a hide-covered altar of Uskayaw.
  5878 | D:6      | Reached skill level 5 in Polearms
  5890 | D:6      | Found a sparkling altar of Nemelex Xobeh.
  5965 | D:6      | Found a shimmering blue altar of Sif Muna.
  6275 | D:7      | Reached * piety under Kikubaaqudgha
  6275 | D:7      | Identified Kikubaaqudgha's Collected Works on Black Magic
                  | (Kikubaaqudgha gifted it to you on level 7 of the Dungeon)
  6275 | D:7      | Received a gift from Kikubaaqudgha
  6275 | D:7      | Reached skill level 5 in Spellcasting
  6283 | D:7      | Learned a level 3 spell: Vampiric Draining
  6386 | D:7      | Found a bloodstained altar of Trog.
  6718 | D:7      | Reached skill level 6 in Polearms
  6719 | D:7      | Reached XP level 9. HP: 44/69 MP: 4/17
  7100 | D:8      | Found a flagged portal.
  7100 | D:8      | Noticed Erica
  7100 | D:8      | Noticed a two-headed ogre
  7107 | D:7      | Learned a level 3 spell: Mephitic Cloud
  7162 | Bailey   | Entered a bailey
  7342 | Bailey   | Gained mutation: You expend magic power (3 MP) to
                  | strengthen your wands. [potion of mutation]
  7342 | Bailey   | Gained mutation: Your body sometimes deteriorates upon
                  | taking damage. [potion of mutation]
  7342 | Bailey   | Gained mutation: Your spells are a little harder to cast,
                  | but a little more powerful. [potion of mutation]
  7342 | Bailey   | Gained mutation: You have large cloven feet. [potion of
                  | mutation]
  7500 | Bailey   | Reached ** piety under Kikubaaqudgha
  7651 | Bailey   | Noticed an orc knight
  7669 | Bailey   | Killed an orc knight
  7669 | Bailey   | Reached skill level 7 in Polearms
  7669 | Bailey   | Reached skill level 5 in Dodging
  7949 | Bailey   | Reached skill level 8 in Polearms
  8053 | Bailey   | Reached *** piety under Kikubaaqudgha
  8053 | Bailey   | Identified Kikubaaqudgha's Grimoire of Necromancy
                  | (Kikubaaqudgha gifted it to you in a bailey)
  8053 | Bailey   | Received a gift from Kikubaaqudgha
  8053 | Bailey   | Reached XP level 10. HP: 39/80 MP: 12/19
  8100 | Bailey   | Noticed an orc warlord
  8126 | Bailey   | Killed an orc warlord
  8126 | Bailey   | Reached skill level 9 in Polearms
  8334 | Bailey   | Learned a level 4 spell: Dispel Undead
  8433 | D:8      | Learned a level 2 spell: Sublimation of Blood
  8448 | D:8      | Reached skill level 5 in Fighting
  8600 | D:8      | Noticed Joseph
  8614 | D:8      | Noticed Maurice
  8965 | D:9      | Learned a level 2 spell: Poisonous Vapours
  9364 | D:9      | Reached **** piety under Kikubaaqudgha
  9370 | D:9      | HP: 2/83 [orc priest/nerve-wracking pain (14)]
  9372 | D:9      | Reached skill level 1 in Poison Magic
  9937 | D:9      | Reached XP level 11. HP: 90/90 MP: 21/21
 10000 | D:8      | Killed Maurice
 10000 | D:8      | Reached skill level 1 in Air Magic
 10019 | D:8      | Killed Erica
 10019 | D:8      | Reached skill level 10 in Polearms
 10043 | D:8      | Killed Joseph
 10190 | D:8      | Identified the +7 hunting sling "Heweab" {venom, Str+4}
 10483 | D:9      | Identified a scroll of acquirement
 10483 | D:9      | Identified the +2 pair of gloves of the Sun {*Drain rElec
                  | rF+ MR+} (You acquired it on level 9 of the Dungeon)
 10524 | D:10     | Entered Level 10 of the Dungeon
 10540 | D:10     | Reached XP level 12. HP: 96/97 MP: 15/22
 10764 | D:10     | Found a sacrificial altar of Ru.
 11464 | D:10     | Found a staircase to the Orcish Mines.
 11481 | D:10     | Reached skill level 11 in Polearms
 11570 | D:10     | Reached ***** piety under Kikubaaqudgha
 11877 | D:11     | Lost mutation: Your body sometimes deteriorates upon taking
                  | damage. [potion of mutation]
 11877 | D:11     | Lost mutation: You have large cloven feet. [potion of
                  | mutation]
 11877 | D:11     | Gained mutation: You are covered in fur. (AC +1) [potion of
                  | mutation]
 11905 | D:11     | Found an iron altar of Okawaru.
 11944 | D:11     | Found a gate leading to a gauntlet.
 11951 | Gauntlet | Entered a Gauntlet
 11951 | Gauntlet | Found a large runed translucent door.
 11951 | Gauntlet | Found a large runed translucent door.
 11951 | Gauntlet | Found a large runed translucent door.
 11951 | Gauntlet | Found a large runed translucent door.
 11951 | Gauntlet | Found a large runed translucent door.
 11951 | Gauntlet | Found a large runed translucent door.
 11951 | Gauntlet | Found a large runed translucent door.
 11951 | Gauntlet | Found a large runed translucent door.
 11951 | Gauntlet | Found a runed translucent door.
 11951 | Gauntlet | Found a runed translucent gate.
 11951 | Gauntlet | Found a transporter.
 11951 | Gauntlet | Found a transporter.
 11951 | Gauntlet | Found a runed translucent gate.
 11951 | Gauntlet | Found a transporter.
 11952 | Gauntlet | Found a transporter.
 11955 | Gauntlet | Found a transporter.
 11955 | Gauntlet | Found a transporter.
 12013 | Gauntlet | Found a transporter.
 12017 | Gauntlet | Found a transporter.
 12027 | Gauntlet | Found a transporter.
 12030 | Gauntlet | Found a transporter.
 12031 | Gauntlet | Found a transporter.
 12108 | Gauntlet | Found a transporter.
 12123 | Gauntlet | Found a runed translucent gate.
 12125 | Gauntlet | Found a large runed translucent door.
 12125 | Gauntlet | Found a large runed translucent door.
 12126 | Gauntlet | Found a large runed translucent door.
 12210 | Gauntlet | Found a large runed translucent door.
 12211 | Gauntlet | Found a runed translucent door.
 12222 | Gauntlet | Found a large runed translucent door.
 12222 | Gauntlet | Found a large runed translucent door.
 12223 | Gauntlet | Found a large runed translucent door.
 12224 | Gauntlet | Found a large runed translucent door.
 12791 | Gauntlet | Reached skill level 12 in Polearms
 13071 | Gauntlet | Learned a level 5 spell: Borgnjor's Vile Clutch
 13071 | Gauntlet | Noticed a minotaur
 13097 | Gauntlet | Killed a minotaur
 13253 | Gauntlet | Identified the Volume of Congealing Flames
 13430 | D:11     | Noticed a seven-headed hydra
 13437 | D:11     | Killed a seven-headed hydra
 13919 | D:12     | Reached skill level 1 in Earth Magic
 14709 | D:12     | Learned a level 3 spell: Stone Arrow
 15016 | Orc:1    | Entered Level 1 of the Orcish Mines
 15016 | Orc:1    | Noticed a stone giant
 15135 | D:8      | Killed a two-headed ogre
 15178 | D:8      | Found a staircase to the Lair.
 15310 | Lair:1   | Entered Level 1 of the Lair of Beasts
 15340 | Lair:1   | Reached XP level 13. HP: 103/103 MP: 21/25
 15340 | Lair:1   | Noticed Urug
 15357 | Lair:1   | Killed Urug
 15878 | Lair:1   | Lost mutation: You expend magic power (3 MP) to strengthen
                  | your wands. [potion of mutation]
 15878 | Lair:1   | Lost mutation: Your spells are a little harder to cast, but
                  | a little more powerful. [potion of mutation]
 15878 | Lair:1   | Gained mutation: Your muscles are strong. (Str +2) [potion
                  | of mutation]
 15878 | Lair:1   | Gained mutation: You occasionally shout uncontrollably at
                  | your foes. [potion of mutation]
 15878 | Lair:1   | Gained mutation: Potions are less effective at restoring
                  | your health. [potion of mutation]
 15878 | Lair:1   | Gained mutation: Your large and strong wings let you fly
                  | indefinitely. [potion of mutation]
 16137 | Lair:2   | Noticed Fannar
 16158 | Lair:2   | Killed Fannar
 16372 | Lair:2   | Found a staircase to the Swamp.
 16387 | Lair:2   | Found a staircase to the Snake Pit.
 17058 | Lair:2   | Found a runed translucent door.
 17059 | Lair:2   | Identified the +3 spear of Ucvaxod {pain, rC- MR+ Int+4
                  | Stlth+}
 17060 | Lair:2   | Noticed Deavvycs's ghost (journeyman TrHu)
 17382 | Lair:3   | Reached skill level 10 in Necromancy
 17447 | Lair:3   | Reached skill level 10 in Spellcasting
 17819 | Lair:3   | Reached skill level 5 in Earth Magic
 18208 | Lair:3   | Learned a level 6 spell: Death Channel
 18418 | Lair:3   | Slain by a seven-headed hydra

Levels and vault maps discovered:
D:1:      scummos_arrival_simple_crosswalls, layout_basic, serial_forest,
          infiniplex_forest_clump_cross, infiniplex_forest_end_2,
          infiniplex_forest_end_3, infiniplex_forest_zigzag_2,
          infiniplex_forest_fountain
D:2:      layout_loops_ring, grunt_gozag_breadcrumbs, lemuel_crystal_altar
D:3:      layout_basic, uniq_jessica, uniq_natasha
D:4:      layout_basic, overflow_temple_1_default, grunt_qazlal_sundering,
          first_ration, minmay_misc_feat_encased, amethyst_killhole,
          minmay_shop_grid_forest
D:5:      layout_loops_corners, zin_angel, lemuel_temple_firewalk_a,
          nicolae_ossuary_entry_ruins, serial_bayou_pond_c
D:6:      layout_rooms, lemuel_coloured_pillars_altar,
          overflow_temple_1_default, nemelex_xobeh_ov_fountains_minmay,
          led_sif_book, marbit_many_paths, cheibrodos_sewer_entry_sluice
D:7:      layout_basic, basic_altar
D:8:      layout_rooms, david_lair_shrubbed, enter_bailey_2, uniq_maurice,
          uniq_erica, uniq_joseph
D:9:      layout_irregular_city
D:10:     layout_layer_cave, erik_orc_4, basic_altar
D:11:     layout_basic, gauntlet_entry_generic, basic_altar
D:12:     layout_irregular_city, uniq_rupert
Temple:   minmay_temple_bridge_abc
Lair:1:   layout_regular_city, uniq_urug
Lair:2:   layout_regular_city, minmay_swamp_entry_eels,
          minmay_snake_entry_six_corridors, ebering_ghost_funeral_grove,
          cheibrodos_lair_caveside_slide, uniq_fannar
Lair:3:   layout_loops_ring, chequers_serial_rivers_room_a, beast_lair_carwin_11
Orc:1:    layout_diamond_mine, uniq_snorg

Skill      XL: |  1  2  3  4  5  6  7  8  9 10 11 12 13 |
---------------+----------------------------------------+-----
Dodging        | 2 3 4 5 6 |  6.1
Conjurations   | 5 6 7 |  7.9
Polearms       | 1 2 3 4 6 8 9 10 12 | 12.4
Spellcasting   | 3 4 5 6 7 8 10 | 10.1
Fighting       | 1 2 3 4 6 |  6.4
Throwing       | 1 |  1.4
Poison Magic   | 1 2 |  2.0
Necromancy     | 8 9 10 | 10.1
Air Magic      | 1 |  1.6
Earth Magic    | 3 5 |  5.2
Stealth        | |  1.8
Shields        | |  0.2

Action                   |  1- 3 |  4- 6 |  7- 9 | 10-12 | 13-15 || total
-------------------------+-------+-------+-------+-------+-------++-------
Melee: Unarmed           |    20 |       |       |       |       ||    20
       Tailslap          |     4 |     3 |    30 |    56 |    30 ||   123
       Spear             |    52 |    81 |   276 |       |       ||   409
       Halberd           |       |       |    91 |   280 |   214 ||   585
       Staff             |       |       |       |    10 |       ||    10
       Bardiche          |       |       |       |    59 |       ||    59
       Demon trident     |       |       |       |   166 |       ||   166
Throw: Dart              |     1 |     7 |       |       |       ||     8
 Cast: Magic Dart        |    58 |    25 |    55 |    20 |       ||   158
       Searing Ray       |     4 |    14 |    56 |    43 |       ||   117
       Mephitic Cloud    |       |       |     1 |    24 |     8 ||    33
       Poisonous Vapours |       |       |       |    71 |     6 ||    77
       Stone Arrow       |       |       |       |     5 |    12 ||    17
       Vampiric Draining |       |       |       |     2 |     2 ||     4
       Borgnjor's Vile C |       |       |       |     1 |    18 ||    19
       Sublimation of Bl |       |       |       |     1 |       ||     1
       Death Channel     |       |       |       |       |     2 ||     2
Invok: Torment           |       |       |       |     1 |       ||     1
 Abil: Breathe Acid      |       |       |    21 |    33 |     5 ||    59
Evoke: Wand              |       |       |       |     9 |       ||     9
  Use: Scroll            |     3 |     4 |    11 |    15 |     3 ||    36
       Potion            |     2 |       |     1 |    11 |     2 ||    16
 Stab: Sleeping          |       |     4 |     2 |       |     1 ||     7
       Distracted        |       |     1 |       |     2 |     1 ||     4
       Confused          |       |       |       |    16 |     6 ||    22
  Eat: Ration            |     1 |     1 |     2 |     6 |     3 ||    13
       Chunk             |     1 |     2 |    13 |    11 |     5 ||    32
Armor: Skin              |    31 |    38 |    98 |   130 |    49 ||   346
Dodge: Dodged            |    56 |    49 |   232 |   344 |   127 ||   808
Block: Other             |       |       |       |    26 |     8 ||    34
       Reflection        |       |       |       |     1 |       ||     1

Table legend:
 A = Non-vault XP
 B = Vault XP
 C = Vault XP percentage of total XP
 D = Non-vault monster count
 E = Vault monster count
 F = Vault count percentage of total count
                 A         B        C        D         E       F
            +---------+---------+-------+---------+---------+-------
      Total |   23974 |   16229 |  40.4 |     290 |     150 |  34.1
            +---------+---------+-------+---------+---------+-------
        D:1 |      72 |       0 |   0.0 |      25 |       0 |   0.0
        D:2 |      77 |       0 |   0.0 |      23 |       0 |   0.0
        D:3 |     240 |      73 |  23.3 |      18 |       2 |  10.0
        D:4 |     419 |       0 |   0.0 |      19 |       0 |   0.0
        D:5 |     567 |       0 |   0.0 |      16 |       0 |   0.0
        D:6 |     389 |      90 |  18.8 |      12 |       6 |  33.3
        D:7 |    1194 |       0 |   0.0 |      23 |       0 |   0.0
        D:8 |    2514 |    2204 |  46.7 |      18 |       4 |  18.2
        D:9 |    1457 |       0 |   0.0 |      31 |       0 |   0.0
       D:10 |    3775 |     590 |  13.5 |      36 |      16 |  30.8
       D:11 |    2161 |       0 |   0.0 |       8 |       0 |   0.0
       D:12 |    4211 |       0 |   0.0 |      24 |       0 |   0.0
     Lair:1 |    2000 |     855 |  29.9 |      11 |       1 |   8.3
     Lair:2 |    3672 |    2864 |  43.8 |      18 |      18 |  50.0
     Lair:3 |    1226 |    1753 |  58.8 |       8 |       7 |  46.7
      Sewer |       0 |      72 | 100.0 |       0 |      18 | 100.0
     Bailey |       0 |    4013 | 100.0 |       0 |      69 | 100.0
   Gauntlet |       0 |    3715 | 100.0 |       0 |       9 | 100.0
            +---------+---------+-------+---------+---------+-------
